 Dungeon Crawl Stone Soup version 0.28.0-53-g5a82cb258f (webtiles) character file.

Game seed: 6424373170946760082

77 Descartes the Grasshopper (level 4, -5/33 HPs)
             Began as a Formicid Warper on May 29, 2022.
             Slain by a small abomination (13 damage)
             ... on level 1 of the Abyss.
             The game lasted 00:02:48 (2661 turns).

Descartes the Grasshopper (Formicid Warper)         Turns: 2661, Time: 00:02:48

Health: -5/33      AC:  4    Str: 18    XL:     4   Next: 60%
Magic:  7/7        EV: 12    Int: 12    God:
Gold:   60         SH:  0    Dex: 10    Spells: 7/7 levels left

rFire   . . .      SeeInvis +   a - +0 mace
rCold   + . .      Faith    .   (no shield)
rNeg    . . .      Spirit   .   k - +1 robe {rC+}
rPois   .          Reflect  .   (helmet unavailable)
rElec   .          Harm     .   (no cloak)
rCorr   .          Rampage  .   f - +0 pair of gloves
Will    .....                   (no boots)
Stlth   +.........              (no amulet)
HPRegen 0.11/turn               (no ring)
MPRegen 0.10/turn               (no ring)

@: no status effects
A: permanent stasis, dig shafts and tunnels, antennae 3, four strong arms
a: Dig, Shaft Self


You were on level 1 of the Abyss.
You visited 1 branch of the dungeon, and saw 2 of its levels.
You visited the Abyss 1 time.

You collected 60 gold pieces.

Inventory:

Hand Weapons
 a - a +0 mace (weapon)
Missiles
 c - 5 boomerangs of dispersal (quivered)
 g - 19 stones
 h - 4 javelins
 m - 7 poisoned darts
Armour
 b - a +0 leather armour
 f - a +0 pair of gloves (worn)
 k - a +1 robe of cold resistance (worn)
Wands
 l - a wand of charming (7)
Scrolls
 d - a scroll of enchant weapon {unknown}
 e - 2 scrolls of blinking {unknown}
 i - a scroll of identify {unknown}
 j - a scroll of noise {unknown}


   Skills:
 - Level 2.1 Fighting
 + Level 2.7 Maces & Flails
 - Level 1.0 Throwing
 + Level 2.4 Armour
 - Level 1.7 Dodging
 + Level 2.0 Shields
 - Level 2.1 Spellcasting
 + Level 3.2 Translocations


You had 7 spell levels left.
You didn't know any spells.
Your spell library contained the following spells:

 Spells                   Type           Power      Damage    Failure   Level
 Gell's Gravitas          Tloc           9%         N/A       22%         3
 Lesser Beckoning         Tloc           9%         N/A       22%         3
 Teleport Other           Tloc           9%         N/A       22%         3
 Manifold Assault         Tloc           9%         N/A       89%         5
 Blink                    Tloc           Unusable   N/A       N/A         2

Dungeon Overview and Level Annotations

Branches:
Dungeon (2/15)

Altars:

Shops:
D:1 (

Annotations:
D:2 Terence


Innate Abilities, Weirdness & Mutations

You cannot be hasted, slowed, berserked, paralysed or teleported.
You can dig through walls and to a lower floor.
You have a pair of large antennae on your head. (SInv)
Your four strong arms can wield two-handed weapons with a shield.


Message History

You hit Terence but do no damage.
Terence is lightly wounded.
Terence hits you with a +0 trident of distortion.
Space warps around you. Terence closely misses you.
You closely miss Terence.
Terence is lightly wounded.
Terence hits you with a +0 trident of distortion.
You are too injured to fight recklessly!
You are too injured to fight recklessly!
You are too injured to fight recklessly!
You are too injured to fight recklessly!
You are too injured to fight recklessly!
You are too injured to fight recklessly!
You are too injured to fight recklessly!
You are too injured to fight recklessly!
You are too injured to fight recklessly!
You are too injured to fight recklessly!
You are too injured to fight recklessly!
You are too injured to fight recklessly!
You hit Terence but do no damage.
Terence is lightly wounded.
Terence barely misses you.
You hit Terence.
Terence is moderately wounded.
Terence closely misses you.
Unknown command.
You hit Terence.
Terence is heavily wounded.
Terence looks scornfully at you.
Terence hits you with a +0 trident of distortion. x2
* * * LOW HITPOINT WARNING * * *
You are cast into the Abyss!
This branch contains the abyssal rune of Zot.
Beware, you cannot shaft yourself on this level.
You hit the small abomination but do no damage.
The small abomination hits you but does no damage.
You hit the small abomination.
The small abomination is lightly damaged.
The small abomination hits you!
You die...

......#
.......
......#
......#
......#
.......
####....#.#
#.x@......#
#.###.#..##
#.#......
#.........
# ... .....
........#
#x.### #
.... ....


You could see a small abomination.

Vanquished Creatures
  Natasha (D:2)
  An adder (D:2)
  A worm (D:2)
  A dart slug (D:2)
  A ball python (D:2)
  5 endoplasms
  A giant cockroach (D:1)
  3 goblins
  3 hobgoblins
  4 quokkas (D:1)
  3 bats
  6 frilled lizards
  4 kobolds
  5 rats
39 creatures vanquished.

Notes
Turn   | Place    | Note
-------+----------+-------------------------------------------
     0 | D:1      | Descartes the Formicid Warper began the quest for the Orb.
     0 | D:1      | Reached XP level 1. HP: 16/16 MP: 3/3
   346 | D:1      | Reached XP level 2. HP: 22/22 MP: 5/5
   608 | D:1      | Reached skill level 1 in Shields
   840 | D:1      | Found a faded altar of an unknown god.
  1041 | D:1      | Reached XP level 3. HP: 27/27 MP: 6/6
  1086 | D:1      | Found Xueg's Weapon Boutique.
  1145 | D:1      | Reached skill level 3 in Translocations
  1639 | D:2      | Noticed Natasha
  1653 | D:2      | Killed Natasha
  1654 | D:2      | Reached XP level 4. HP: 5/33 MP: 7/7
  2638 | D:2      | Noticed Terence
  2646 | D:2      | Cast into level 1 of the Abyss (Terence)
  2661 | Abyss:1  | Slain by a small abomination

Illustrated notes

Levels and vault maps discovered:
D:1:      erik_arrival_cave_to_civilisation [erik_arrival_cave_to_hall],
          layout_basic, serial_shops, shop, ebering_ecumenical_altar_ruins,
          minmay_surrounded
D:2:      layout_basic, minmay_misc_feat_iff, uniq_terence, uniq_natasha
Abyss:1:  base:
D:2

Skill      XL: |  1  2  3  4 |
---------------+-------------+-----
Shields        | 1 2 |  2.0
Translocations | 3 |  3.2
Armour         | 2 |  2.4
Fighting       | |  2.1
Maces & Flails | |  2.7
Throwing       | |  1.0
Dodging        | |  1.7
Spellcasting   | |  2.1

Action                   |  1- 3 |  4- 6 || total
-------------------------+-------+-------++-------
Melee: Mace              |    89 |    35 ||   124
       Punch             |     1 |       ||     1
 Abil: Dig               |     1 |       ||     1
Armor: Leather armour    |    29 |     1 ||    30
       Robe              |       |     7 ||     7
Dodge: Dodged            |    71 |    21 ||    92
